 Dungeon Crawl Stone Soup version 0.26-a0-497-g0187308201 (webtiles) character file.

Game seed: 4352316304672229554

119 MrRokkomies the Sneak (level 5, -1/31 HPs)
             Began as an Octopode Hedge Wizard on Aug 6, 2020.
             Was an Initiate of Ashenzari.
             Killed by divine providence
             ... invoked by an orc priest
              (16 damage)
             ... on level 3 of the Dungeon.
             The game lasted 00:03:53 (3011 turns).

MrRokkomies the Sneak (Octopode Hedge Wizard)       Turns: 3011, Time: 00:03:54

Health: -1/31      AC:  1    Str:  9    XL:     5   Next: 3%
Magic:  5/10       EV: 14    Int: 17    God:    Ashenzari [......]
Gold:   125        SH:  0    Dex: 12    Spells: 7/10 levels left

rFire    . . .     SeeInvis .   d - +0 dagger
rCold    . . .     Faith    .   (no shield)
rNeg     . . .     Spirit   .   b - +0 hat (curse)
rPois    .         Reflect  .   (no amulet)
rElec    .         Harm     .   (no ring)
rCorr    .                      (no ring)
MR       .....                  (no ring)
Stlth    +++.......             (no ring)
HPRegen  0.10/turn              (no ring)
MPRegen  0.12/turn              (no ring)
                                (no ring)
                                (no ring)

@: no status effects
A: almost no armour, stealthy swim, amphibious, 8 rings, constrict 8, camouflage
1, gelatinous body 1
a: Curse Item, Renounce Religion


You were on level 3 of the Dungeon.
You worshipped Ashenzari.
Ashenzari was noncommittal.
You visited 1 branch of the dungeon, and saw 3 of its levels.

You collected 125 gold pieces.

Inventory:

Hand Weapons
 a - a cursed +1 dagger of pain
 d - a +0 dagger (weapon)
Missiles
 c - 2 curare-tipped darts (quivered)
Armour
 b - a cursed +0 hat (worn)
Scrolls
 h - 3 scrolls of identify
Potions
 e - 3 potions of cancellation


   Skills:
 * Level 3.2 Dodging
 + Level 3.7 Stealth
 + Level 3.4 Spellcasting
 * Level 2.7 Conjurations
   Level 1.0 Summonings
 - Level 1.0 Translocations


You had 7 spell levels left.
You knew the following spells:

 Your Spells              Type           Power        Failure   Level
a - Magic Dart            Conj           ##..         5%          1
b - Blink                 Tloc           N/A          17%         2

Your spell library contained the following spells:

 Spells                   Type           Power        Failure   Level
 Call Imp                 Summ           #.......     17%         2
 Slow                     Hex            #.......     26%         2
 Conjure Flame            Conj/Fire      #.......     28%         3
 Mephitic Cloud           Conj/Pois/Air  #.......     34%         3


Dungeon Overview and Level Annotations

Branches:
Dungeon (3/15)

Altars:
Ashenzari
Ru


Innate Abilities, Weirdness & Mutations

You cannot wear most types of armour.
You are very stealthy in the water. (Stealth+)
You are amphibious.
You can wear up to eight rings at the same time.
You can use your tentacles to constrict eight enemies at once.
Your skin changes colour to match your surroundings (Stealth+).
Your rubbery body absorbs attacks. (AC +1, EV +1)


Message History

The magic dart hits the orc priest but does no damage.
The orc priest is heavily wounded.
Casting: Magic Dart (safe; 5% risk of failure)
Confirm with . or Enter, or press ? or * to list all spells.
Aiming: Magic Dart (safe; 5% risk of failure)
Press: ? - help, Shift-Dir - straight line, f/p - orc priest
Aim: an orc priest, wielding a +0 short sword and wearing a +0 leather armour (heavily wounded, very poisoned, slow)
The magic dart hits the orc priest.
The orc priest is severely wounded.
Casting: Magic Dart (safe; 5% risk of failure)
Confirm with . or Enter, or press ? or * to list all spells.
Aiming: Magic Dart (safe; 5% risk of failure)
Press: ? - help, Shift-Dir - straight line, f/p - orc priest
Aim: an orc priest, wielding a +0 short sword and wearing a +0 leather armour (severely wounded, very poisoned, slow)
The magic dart hits the orc priest but does no damage.
The orc priest is severely wounded.
The orc priest calls down the wrath of Beogh upon you.
Beogh smites you!
Ouch! That really hurt!
You die...

###### .. o.#
oo #.# .# #.
#@# .# #o #.#
.# #.##o## .#
#.#...## .#
#..(...# .#
#.#....#######.
.#
#.##†#.........
.####.#
#.##.#########.
......# #....#


You could see an orc priest (very poisoned, slow) and an orc (wandering).

Vanquished Creatures
  An orc priest (D:3)
  5 adders
  A worm (D:2)
  A dart slug (D:2)
  A leopard gecko (D:2)
  An orc (D:3)
  9 bats
  2 giant cockroaches (D:2)
  7 goblins
  3 hobgoblins
  A frilled lizard (D:2)
  6 kobolds
  4 rats
42 creatures vanquished.

Notes
Turn   | Place    | Note
-------+----------+-------------------------------------------
     0 | D:1      | MrRokkomies the Octopode Hedge Wizard began the quest for
                  | the Orb.
     0 | D:1      | Reached XP level 1. HP: 11/11 MP: 4/4
   149 | D:1      | Found a shattered altar of Ashenzari.
   160 | D:1      | Became a worshipper of Ashenzari the Shackled
   238 | D:1      | Reached XP level 2. HP: 15/17 MP: 6/6
   938 | D:2      | Learned a level 2 spell: Blink
  1090 | D:2      | Reached XP level 3. HP: 21/21 MP: 7/7
  1599 | D:2      | HP: 1/21 [worm (11)]
  2249 | D:2      | Reached XP level 4. HP: 27/27 MP: 8/8
  2409 | D:2      | Found a sacrificial altar of Ru.
  2996 | D:3      | Reached XP level 5. HP: 13/31 MP: 8/10
  3011 | D:3      | Killed from afar by an orc priest

Illustrated notes

Levels and vault maps discovered:
D:1:      wander_arrival_desolate, layout_basic, hangedman_glass_teeth,
          evilmike_ruin_ashenzari
D:2:      layout_loops_ring, lemuel_coloured_pillars_altar
D:3:      layout_loops_ring, nemelex_xobeh_ov_fountains_minmay

Skill      XL: |  1  2  3  4 |
---------------+-------------+-----
Stealth        | 3 |  3.7
Conjurations   | 2 |  2.7
Dodging        | 3 |  3.2
Spellcasting   | |  3.4
Summonings     | |  1.0
Translocations | |  1.0

Action                   |  1- 3 |  4- 6 || total
-------------------------+-------+-------++-------
Melee: Dagger            |    57 |    42 ||    99
       Constrict         |    16 |     9 ||    25
       Tentacles         |     7 |     5 ||    12
Throw: Dart              |       |     2 ||     2
 Cast: Magic Dart        |    20 |     5 ||    25
Invok: Curse Item        |     2 |       ||     2
  Use: Scroll            |       |     5 ||     5
 Stab: Sleeping          |     5 |     3 ||     8
Armor: Skin              |     4 |     3 ||     7
Dodge: Dodged            |    55 |    20 ||    75

Table legend: (Time is in decaauts)
 A = Elapsed time spent in this place.
 B = Non-inter-level travel time spent in this place.
 C = Inter-level travel time spent in this place.
 D = Time resting spent in this place.
 E = Time spent auto-exploring this place.
 F = Levels seen in this place.
 G = Mean time per level.
                   A        B        C        D        E       F      G
               +--------+--------+--------+--------+--------+-----+--------+
         Total |   3010 |   2974 |     36 |    909 |   1733 |   3 | 1003.3 |
       Dungeon |   3010 |   2974 |     36 |    909 |   1733 |   3 | 1003.3 |
               +--------+--------+--------+--------+--------+-----+--------+

Top non-repeatable levels by time:
     D:2: 1687 daAuts
     D:1: 925 daAuts
     D:3: 397 daAuts
